3L
ATHLETIC CLUB KC @ HOUSTON 1837 BBC
07/04/2039
 
TOP OF THE 1ST
Athletic Club KC batting - Pitching for Houston 1837 BBC : RHP Horiuchi Tanaka
Pitching: RHP Horiuchi Tanaka
Batting: LHB César Núñez 0-0: Called Strike
0-1: Foul Ball, location: 2F
0-2: Strikes out swinging
Batting: RHB Yehonatan Chazan 0-0: Fly out, F7 (Flyball, 7S, EV 94.4 MPH)
Batting: LHB Héctor Velázquez 0-0: Ball
1-0: Ball
2-0: Foul Ball, location: 2F
2-1: Ball
3-1: Foul Ball, location: 2F
3-2: Base on Balls
Batting: LHB José Rodríguez 0-0: Ball
Héctor Velázquez is caught stealing 2nd base 2-6
Top of the 1st over - 0 runs, 0 hits, 0 errors, 0 left on base; Athletic Club KC 0 - Houston 0
BOTTOM OF THE 1ST
Houston 1837 BBC batting - Pitching for Athletic Club KC : RHP Tupac Blanch
Pitching: RHP Tupac Blanch
Batting: LHB César Gómes 0-0: Ball
1-0: Called Strike
1-1: Foul Ball, location: 2F
1-2: Foul Ball, location: 2F
1-2: Foul Ball, location: 2F
1-2: Strikes out swinging
Batting: RHB Adam Smith 0-0: SINGLE (Line Drive, 9LS, EV 93.8 MPH)
Batting: LHB Javier Seco 0-0: Called Strike
0-1: Ball
1-1: Ball
2-1: Called Strike
2-2: Strikes out swinging
Batting: RHB Krystof Melichar 0-0: Fielders Choice at 2nd, 6-4 (Groundball, 56, EV 106.9 MPH)
Bottom of the 1st over - 0 runs, 1 hit, 0 errors, 1 left on base; Athletic Club KC 0 - Houston 0
TOP OF THE 2ND
Athletic Club KC batting - Pitching for Houston 1837 BBC : RHP Horiuchi Tanaka
Batting: LHB José Rodríguez 0-0: Ball
1-0: Foul Ball, location: 2F
1-1: Foul Ball, location: 2F
1-2: Strikes out looking
Batting: LHB Pablo Hernández 0-0: Ground out 6-3 (Groundball, 6, EV 91.2 MPH)
Batting: RHB Tasuku Goto 0-0: Called Strike
0-1: Ball
1-1: Fly out, F6 (Popup, 6D, EV 55.0 MPH)
Top of the 2nd over - 0 runs, 0 hits, 0 errors, 0 left on base; Athletic Club KC 0 - Houston 0
BOTTOM OF THE 2ND
Houston 1837 BBC batting - Pitching for Athletic Club KC : RHP Tupac Blanch
Batting: LHB Ramiro Palmeiro 0-0: Swinging Strike
0-1: Foul Ball, location: 2F
0-2: Ball
1-2: Foul Ball, location: 2F
1-2: Ball
2-2: Ball
3-2: Foul Ball, location: 2F
3-2: Base on Balls
Batting: LHB Bill Dixon 0-0: Ball
1-0: Called Strike
1-1: Ball
2-1: Called Strike
2-2: Ball
3-2: Foul Ball, location: 2F
3-2: Foul Ball, location: 2F
3-2: Foul Ball, location: 2F
3-2: 2-RUN HOME RUN (Flyball, 7D, EV 95.6 MPH), Distance : 398 ft
Batting: RHB Min-gook Ch'oe 0-0: Fly out, F3 (Popup, 3F, EV 65.0 MPH)
Batting: SHB Yeow-whye Zhu 0-0: Called Strike
0-1: Foul Ball, location: 2F
0-2: Ball
1-2: Reached on error, E9 (Flyball, 89S, EV 86.2 MPH)
Batting: SHB Zack Murphy 0-0: Foul Ball, location: 2F
0-1: Foul Ball, location: 2F
0-2: Fly out, F9 (Flyball, 89XD, EV 100.6 MPH)
Batting: LHB César Gómes 0-0: Called Strike
0-1: Ball
1-1: Foul Ball, location: 2F
1-2: Ball
2-2: Foul Ball, location: 2F
2-2: Foul Ball, location: 2F
2-2: Fly out, F8 (Flyball, 8LD, EV 103.8 MPH)
Bottom of the 2nd over - 2 runs, 1 hit, 1 error, 1 left on base; Athletic Club KC 0 - Houston 2
TOP OF THE 3RD
Athletic Club KC batting - Pitching for Houston 1837 BBC : RHP Horiuchi Tanaka
Batting: RHB Wade Tazewell 0-0: Foul Ball, location: 2F
0-1: Swinging Strike
0-2: Ball
1-2: Ball
2-2: Ball
3-2: Ground out 1-3 (Groundball, P, EV 68.8 MPH)
Batting: RHB Lopahin Davletyarov 0-0: Called Strike
0-1: SINGLE (Groundball, 6MD, EV 102.5 MPH)
Batting: RHB Armando Altagracia 0-0: Ball
Lopahin Davletyarov is caught stealing 2nd base 2-4
1-0: Foul Ball, location: 2F
1-1: Swinging Strike
1-2: Fly out, F8 (Line Drive, 8RD, EV 91.2 MPH)
Top of the 3rd over - 0 runs, 1 hit, 0 errors, 0 left on base; Athletic Club KC 0 - Houston 2
BOTTOM OF THE 3RD
Houston 1837 BBC batting - Pitching for Athletic Club KC : RHP Tupac Blanch
Batting: RHB Adam Smith 0-0: Swinging Strike
0-1: Fly out, F8 (Flyball, 8LD, EV 82.5 MPH)
Batting: LHB Javier Seco 0-0: Called Strike
0-1: Foul Ball, location: 2F
0-2: Ball
1-2: Fly out, F8 (Line Drive, 8RD, EV 88.8 MPH)
Batting: RHB Krystof Melichar 0-0: Ball
1-0: Called Strike
1-1: Swinging Strike
1-2: Ball
2-2: Foul Ball, location: 2F
2-2: Foul Ball, location: 2F
2-2: Strikes out swinging
Bottom of the 3rd over - 0 runs, 0 hits, 0 errors, 0 left on base; Athletic Club KC 0 - Houston 2
TOP OF THE 4TH
Athletic Club KC batting - Pitching for Houston 1837 BBC : RHP Horiuchi Tanaka
Batting: LHB César Núñez 0-0: Foul Ball, location: 2F
0-1: Ball
1-1: Foul Ball, location: 2F
1-2: Ball
2-2: Foul Ball, location: 2F
2-2: Strikes out swinging, 2-3 out at first.
Batting: RHB Yehonatan Chazan 0-0: Ball
1-0: Foul Ball, location: 2F
1-1: Ball
2-1: Foul Ball, location: 2F
2-2: SINGLE (Groundball, 56D, EV 94.4 MPH)
Batting: LHB Héctor Velázquez 0-0: Ball
1-0: Foul Ball, location: 2F
1-1: Fielders Choice at 2nd, 5-4 (Groundball, 56, EV 81.9 MPH)
Batting: LHB José Rodríguez 0-0: Called Strike
0-1: Foul Ball, location: 2F
0-2: Foul Ball, location: 2F
0-2: Ball
Héctor Velázquez steals 2nd base (no throw)
1-2: Foul Ball, location: 2F
1-2: SINGLE (Groundball, 56D, EV 107.5 MPH)
Héctor Velázquez to third
Runner from 3rd tries for Home, SAFE, no throw by LF
Batting: LHB Pablo Hernández 0-0: Foul Ball, location: 2F
0-1: Called Strike
0-2: Strikes out swinging
Top of the 4th over - 1 run, 2 hits, 0 errors, 1 left on base; Athletic Club KC 1 - Houston 2
BOTTOM OF THE 4TH
Houston 1837 BBC batting - Pitching for Athletic Club KC : RHP Tupac Blanch
Batting: LHB Ramiro Palmeiro 0-0: Ball
1-0: Ball
2-0: Fly out, F7 (Flyball, 7D, EV 88.8 MPH)
Batting: LHB Bill Dixon 0-0: Ball
1-0: Ground out 4-3 (Groundball, 4, EV 101.2 MPH)
Batting: RHB Min-gook Ch'oe 0-0: Ball
1-0: Fly out, F8 (Flyball, 8RM, EV 77.5 MPH)
Bottom of the 4th over - 0 runs, 0 hits, 0 errors, 0 left on base; Athletic Club KC 1 - Houston 2
TOP OF THE 5TH
Athletic Club KC batting - Pitching for Houston 1837 BBC : RHP Horiuchi Tanaka
Batting: RHB Tasuku Goto 0-0: Foul Ball, location: 2F
0-1: Fly out, F7 (Flyball, 7S, EV 86.2 MPH)
Batting: RHB Wade Tazewell 0-0: Called Strike
0-1: Called Strike
0-2: Ground out 4-3 (Groundball, 4, EV 85.0 MPH)
Batting: RHB Lopahin Davletyarov 0-0: Ball
1-0: Ball
2-0: Ground out 5-3 (Groundball, 56S, EV 81.9 MPH)
Top of the 5th over - 0 runs, 0 hits, 0 errors, 0 left on base; Athletic Club KC 1 - Houston 2
BOTTOM OF THE 5TH
Houston 1837 BBC batting - Pitching for Athletic Club KC : RHP Tupac Blanch
Batting: SHB Yeow-whye Zhu 0-0: Foul Ball, location: 2F
0-1: Foul Ball, location: 2F
0-2: SINGLE (Groundball, 4MD, EV 111.2 MPH)
Batting: SHB Zack Murphy 0-0: Sac Bunt to 13S - play at first, batter OUT! 1-3
Yeow-whye Zhu to second
Batting: LHB César Gómes 0-0: Ball
1-0: Ground out 5-3 (Groundball, 56, EV 111.2 MPH)
Batting: RHB Adam Smith 0-0: Ball
1-0: Called Strike
1-1: Fly out, F7 (Line Drive, 7D, EV 88.1 MPH)
Bottom of the 5th over - 0 runs, 1 hit, 0 errors, 1 left on base; Athletic Club KC 1 - Houston 2
TOP OF THE 6TH
Athletic Club KC batting - Pitching for Houston 1837 BBC : RHP Horiuchi Tanaka
Batting: RHB Armando Altagracia 0-0: Swinging Strike
0-1: Foul Ball, location: 2F
0-2: Strikes out swinging
Batting: LHB César Núñez 0-0: Ball
1-0: Ball
2-0: Ball
3-0: Base on Balls
Batting: RHB Yehonatan Chazan 0-0: Called Strike
0-1: Ball
1-1: Ball
2-1: Called Strike
2-2: Foul Ball, location: 2F
2-2: Ball
3-2: Fly out, F6 (Line Drive, 6, EV 60.6 MPH)
Batting: LHB Héctor Velázquez 0-0: Ball
1-0: Foul Ball, location: 2F
1-1: Ball
2-1: Swinging Strike
2-2: SINGLE (Line Drive, 6MD, EV 100.0 MPH)
César Núñez to second
Runner from 2nd tries for 3rd, OUT! 8-5
Top of the 6th over - 0 runs, 1 hit, 0 errors, 1 left on base; Athletic Club KC 1 - Houston 2
BOTTOM OF THE 6TH
Houston 1837 BBC batting - Pitching for Athletic Club KC : RHP Tupac Blanch
Batting: LHB Javier Seco 0-0: Ball
1-0: Ball
2-0: SOLO HOME RUN (Flyball, 7LD, EV 93.8 MPH), Distance : 366 ft
Batting: RHB Krystof Melichar 0-0: Ball
1-0: Called Strike
1-1: Ground out 1-3 (Groundball, 13S, EV 61.2 MPH)
Batting: LHB Ramiro Palmeiro 0-0: Ball
1-0: Ground out 1-3 (Groundball, 13, EV 83.8 MPH)
Batting: LHB Bill Dixon 0-0: Ground out 4-3 (Groundball, 34, EV 80.6 MPH)
Bottom of the 6th over - 1 run, 1 hit, 0 errors, 0 left on base; Athletic Club KC 1 - Houston 3
TOP OF THE 7TH
Athletic Club KC batting - Pitching for Houston 1837 BBC : RHP Horiuchi Tanaka
Batting: LHB José Rodríguez 0-0: Foul Ball, location: 2F
0-1: Ball
1-1: Fly out, F8 (Flyball, 8LD, EV 78.8 MPH)
Batting: LHB Pablo Hernández 0-0: Ball
1-0: Fly out, F7 (Flyball, 7S, EV 91.2 MPH)
Batting: RHB Tasuku Goto 0-0: Swinging Strike
0-1: Called Strike
0-2: Strikes out swinging
Top of the 7th over - 0 runs, 0 hits, 0 errors, 0 left on base; Athletic Club KC 1 - Houston 3
BOTTOM OF THE 7TH
Houston 1837 BBC batting - Pitching for Athletic Club KC : RHP Tupac Blanch
Batting: RHB Min-gook Ch'oe 0-0: Called Strike
0-1: Foul Ball, location: 2F
0-2: Ball
1-2: Ball
2-2: Strikes out swinging
Batting: SHB Yeow-whye Zhu 0-0: Called Strike
0-1: Ball
1-1: Called Strike
1-2: Strikes out swinging
Batting: SHB Zack Murphy 0-0: Ball
1-0: Called Strike
1-1: Foul Ball, location: 2F
1-2: Foul Ball, location: 2F
1-2: Ball
2-2: Foul Ball, location: 2F
2-2: Ball
3-2: Base on Balls
Batting: LHB César Gómes 0-0: Ball
1-0: Ball
2-0: Ball
3-0: Called Strike
3-1: Base on Balls
Zack Murphy to second
Batting: RHB Adam Smith 0-0: Ball
1-0: Fielders Choice at 2nd, U4 (Groundball, 4M, EV 91.2 MPH)
Bottom of the 7th over - 0 runs, 0 hits, 0 errors, 2 left on base; Athletic Club KC 1 - Houston 3
TOP OF THE 8TH
Athletic Club KC batting - Pitching for Houston 1837 BBC : RHP Horiuchi Tanaka
Now at SS: Seung-soo Ch'ae
Batting: RHB Wade Tazewell 0-0: Ball
1-0: Ball
2-0: Ball
3-0: Base on Balls
Batting: RHB Lopahin Davletyarov 0-0: Ball
1-0: SINGLE (Groundball, 34D, EV 105.0 MPH)
Wade Tazewell to second
Runner from 2nd tries for 3rd, SAFE, throw by RF made to third
Pitching: RHP José Ledezma
Pinch Hitting: RHB Francisco Vargas 0-0: Ball
1-0: Called Strike
1-1: Ball
2-1: Ball
3-1: Base on Balls
Lopahin Davletyarov to second
Batting: LHB César Núñez 0-0: Fly out, F6 (Popup, 4MD, EV 48.1 MPH)
Batting: RHB Yehonatan Chazan 0-0: Called Strike
0-1: Ball
1-1: Foul Ball, location: 2F
1-2: Ball
2-2: Foul Ball, location: 2F
2-2: Fly out, F9 (Line Drive, 9, EV 92.5 MPH)
Runner from 3rd tags up, SCORES, throw by RF
Lopahin Davletyarov to third
Batting: LHB Héctor Velázquez 0-0: Called Strike
0-1: Ball
1-1: Foul Ball, location: 2F
1-2: Strikes out looking
Top of the 8th over - 1 run, 1 hit, 0 errors, 2 left on base; Athletic Club KC 2 - Houston 3
BOTTOM OF THE 8TH
Houston 1837 BBC batting - Pitching for Athletic Club KC : RHP Tupac Blanch
Pitching: LHP Indigo Diaz
Now at 3B: David Lozano
Batting: LHB Javier Seco 0-0: Foul Ball, location: 2F
0-1: Called Strike
0-2: Strikes out looking
Batting: RHB Krystof Melichar 0-0: SINGLE (Groundball, 56, EV 104.4 MPH) (infield hit)
Batting: LHB Ramiro Palmeiro 0-0: Ball
Krystof Melichar steals 2nd base
1-0: Called Strike
1-1: Fly out, F8 (Flyball, 8RS, EV 86.2 MPH)
Batting: LHB Bill Dixon 0-0: Ball
1-0: Ball
2-0: Called Strike
2-1: Called Strike
2-2: Ground out 4-3 (Groundball, 4, EV 85.0 MPH)
Bottom of the 8th over - 0 runs, 1 hit, 0 errors, 1 left on base; Athletic Club KC 2 - Houston 3
TOP OF THE 9TH
Athletic Club KC batting - Pitching for Houston 1837 BBC : RHP José Ledezma
Pitching: RHP Edmond McCord
Batting: LHB José Rodríguez 0-0: Foul Ball, location: 2F
0-1: Ball
1-1: Ball
2-1: Foul Ball, location: 2F
2-2: Foul Ball, location: 2F
2-2: Ball
3-2: Base on Balls
Batting: LHB Pablo Hernández 0-0: Called Strike
0-1: Ball
1-1: Foul Ball, location: 2F
1-2: Fielders Choice at 2nd, 6-4 (Groundball, 6, EV 107.5 MPH)
Pinch Hitting: RHB Armando Rodríguez 0-0: Ball
1-0: Swinging Strike
1-1: Called Strike
1-2: Ball
2-2: Ball
3-2: Strikes out looking
Batting: RHB Wade Tazewell 0-0: Ball
1-0: Called Strike
1-1: Ball
2-1: Foul Ball, location: 2F
2-2: Foul Ball, location: 2F
2-2: Foul Ball, location: 2F
2-2: Foul Ball, location: 2F
2-2: Foul Ball, location: 2F
2-2: Fielders Choice at 2nd, 6-4 (Groundball, 6, EV 108.1 MPH)
Top of the 9th over - 0 runs, 0 hits, 0 errors, 1 left on base; Athletic Club KC 2 - Houston 3
Wednesday, July 8th, 2020 - OOTP Baseball 20.8 Build 74